 Dungeon Crawl Stone Soup version 0.22.1-1-ga44c0e5 (webtiles) character file.

4371 brandon the Destroyer (level 10, -1/50 HPs)
             Began as a Deep Elf Fire Elementalist on Oct 5, 2018.
             Was an Elder of Vehumet.
             Slain by a troll (17 damage)
             ... on level 9 of the Dungeon.
             The game lasted 00:38:50 (12467 turns).

brandon the Destroyer (Deep Elf Fire Elementalist) Turns: 12467, Time: 00:38:50

Health: -1/50      AC:  6    Str:  7    XL:     10   Next: 13%
Magic:  21/26      EV: 13    Int: 24    God:    Vehumet [****..]
Gold:   518        SH:  0    Dex: 15    Spells: 5/29 levels left

rFire    . . .     SeeInvis .   g - +1 spear (venom)
rCold    . . .     Gourm    .   (no shield)
rNeg     . . .     Faith    +   a - +0 robe
rPois    +         Spirit   .   u - +0 helmet
rElec    .         Reflect  .   D - +1 cloak
rCorr    .         Harm     .   (no gloves)
MR       +....                  p - +0 pair of boots
Stlth    ++........             q - amulet of faith
HPRegen  0.16/turn              j - +2 ring of strength
MPRegen  0.20/turn              l - ring of poison resistance

@: about to teleport
A: no striking features
a: Renounce Religion


You were on level 9 of the Dungeon.
You worshipped Vehumet.
Vehumet was greatly pleased with you.
You were not hungry.

You visited 2 branches of the dungeon, and saw 10 of its levels.
You also visited: Sewer and Ossuary.

You collected 518 gold pieces.

Inventory:

Hand Weapons
 g - a +1 spear of venom (weapon)
Armour
 a - a +0 robe (worn)
 p - a +0 pair of boots (worn)
 u - a +0 helmet (worn)
 D - a +1 cloak (worn)
Jewellery
 j - a +2 ring of strength (left hand)
 l - a ring of poison resistance (right hand)
 q - an amulet of faith (around neck)
Wands
 b - a wand of paralysis (21)
 F - a wand of iceblast (7)
Scrolls
 k - 2 scrolls of amnesia
 m - a scroll of enchant armour
 n - a scroll of enchant weapon {unknown}
 o - 4 scrolls of teleportation
 v - 7 scrolls of remove curse
 x - 2 scrolls of fear {unknown}
 y - a scroll of fog {unknown}
 z - a scroll of magic mapping
 B - 2 scrolls of identify
 G - a scroll of torment {unknown}
Potions
 d - 3 potions of agility
 e - a potion of flight {unknown}
 f - a potion of haste {unknown}
 i - 4 potions of curing
 r - 2 potions of mutation
 s - 2 potions of might
 t - a potion of berserk rage {unknown}
 w - 3 potions of heal wounds
 A - a potion of resistance {unknown}
 C - a potion of lignification {unknown}
 E - a potion of ambrosia {unknown}
Comestibles
 c - 15 rations
 h - 10 chunks of flesh


   Skills:
 - Level 2.4 Dodging
 - Level 2.4 Stealth
 + Level 10.0 Spellcasting
 * Level 11.2 Conjurations
 + Level 8.7 Fire Magic
 - Level 2.0 Ice Magic


You had 5 spell levels left.
You knew the following spells:

 Your Spells              Type           Power        Failure   Level  Hunger
a - Flame Tongue          Conj/Fire      #####        1%          1    None
b - Magic Dart            Conj           ####         1%          1    None
c - Conjure Flame         Conj/Fire      ######..     1%          3    None
d - Sticky Flame          Conj/Fire      ######..     1%          4    #......
e - Fireball              Conj/Fire      ######....   1%          5    ####...
f - Iskenderun's Mystic   Conj           ######..     1%          4    #......
g - Call Imp              Summ           ##......     8%          2    None
h - Summon Ice Beast      Ice/Summ       ###.....     34%         4    #......

Your spell library contained the following spells:

 Spells                   Type           Power        Failure   Level  Hunger
 Throw Flame              Conj/Fire      ######       1%          2    None
 Inner Flame              Hex/Fire       ####....     1%          3    None
 Summon Small Mammal      Summ           ##..         5%          1    None
 Call Canine Familiar     Summ           ##......     16%         3    None
 Summon Guardian Golem    Hex/Summ       ##......     16%         3    None
 Summon Lightning Spire   Summ/Air       ##......     45%         4    #......


Dungeon Overview and Level Annotations

Branches:
Dungeon (9/15)             Temple (1/1) D:4            Lair (0/6) D:9
    Orc (0/2) D:9

Altars:
Ashenzari
Cheibriados
Dithmenos
Fedhas
Gozag
Hepliaklqana
Kikubaaqudgha
Okawaru
Qazlal
Ru
Sif Muna
Uskayaw
Vehumet
Wu Jian
Xom
Yredelemnul
Zin
The Shining One

Annotations:
D:6 1 runed door, brandon's ghost, novice HOFi


Message History

Vehumet accepts your kill.
G - a scroll labeled ZIQOIM TUNWISK
Found a scroll labeled DYSUOSTROSM and a scroll of remove curse.
You see here an iguana corpse.
You butcher the iguana corpse.
h - 10 chunks of flesh (gained 2)
Found a mace.
Found 35 gold pieces.
The troll bites you! The troll claws you. The troll barely misses you.
You see here a wand of random effects (33).
The troll bites you!
* * * LOW HITPOINT WARNING * * *
The troll claws you!
* * * LOW HITPOINT WARNING * * *
The troll claws you.
* * * LOW HITPOINT WARNING * * *
As you read the scroll of teleportation, it crumbles to dust.
You feel strangely unstable. The troll bites you!
You die...

#... #.... .#. .[.. ....####### #
.... #..# #...#...... .#### ...
#.$###...#.####[ .#..##. # .. #
#..##.#.#.#.... #(##.##. #?##.
#$###.##.#.#.#.#.# .#.#.##..
#.#.#.##.#....#.#.#.#.#
##.##.#...##...##..#..#.....#<#.#
..###.#......#.T@....###....###.#
####.### #...##..#.# #........#
##..##.# #.#.#.##.#.# ##........
#.###..###? #/##)###.# #.#.#####
........## #...### ..# #...#....
#.#......##.....# .## #...#.###
.T.....#..###.###..# ##..#.#
###.#...#...[.....# #....# #
#.#<..########### ##...#


You could see a troll.

Vanquished Creatures
  A hippogriff (D:9)
  A water moccasin (D:8)
  Duvessa (D:6)
  4 ice beasts
  3 orc warriors
  2 phantoms
  4 ogres
  2 centaurs
  7 bullfrogs
  Dowan (D:6)
  3 scorpions
  10 wights
  2 howler monkeys (D:7)
  A crimson imp (D:5)
  A bullfrog zombie (D:8)
  A jelly (D:9)
  3 orc priests
  A centaur zombie (D:8)
  6 hounds
  7 iguanas
  2 centaur skeletons
  8 orc wizards
  8 worker ants
  2 killer bee zombies
  3 mummies
  A hound skeleton (D:4)
  18 adders
  2 shadow imps
  16 oozes
  An adder skeleton (D:5)
  An adder zombie (D:8)
  A worm (D:3)
  3 dart slugs
  9 leopard geckos
  29 orcs
  6 bats
  12 giant cockroaches
  A gnoll zombie (Ossuary)
  7 goblins
  5 hobgoblins
  7 jackals
  8 quokkas
  14 ball pythons
  21 frilled lizards
  A jackal skeleton (D:6)
  9 kobolds
  3 kobold zombies (Ossuary)
  A leopard gecko skeleton (D:7)
  3 orc zombies (Ossuary)
  12 rats
275 creatures vanquished.

Notes
Turn   | Place    | Note
-------+----------+-------------------------------------------
     0 | D:1      | brandon the Deep Elf Fire Elementalist began the quest for
                  | the Orb.
     0 | D:1      | Reached XP level 1. HP: 10/10 MP: 6/6
    83 | D:1      | Reached XP level 2. HP: 15/15 MP: 1/8
    94 | D:1      | Learned a level 2 spell: Throw Flame
   217 | D:1      | Reached skill level 2 in Conjurations
   906 | D:2      | Reached XP level 3. HP: 19/19 MP: 8/10
   968 | D:2      | Learned a level 3 spell: Conjure Flame
  1569 | D:2      | Reached skill level 3 in Conjurations
  1585 | D:2      | Reached XP level 4. HP: 12/24 MP: 1/11
  2071 | D:3      | Found a glowing drain.
  2082 | Sewer    | Entered a sewer
  2298 | Sewer    | Learned a level 4 spell: Sticky Flame
  2700 | Sewer    | Reached XP level 5. HP: 28/28 MP: 10/13
  2725 | Sewer    | Reached skill level 4 in Conjurations
  2835 | Sewer    | HP: 1/28 [cloud of steam (9)]
  3502 | Sewer    | Reached XP level 6. HP: 32/32 MP: 9/15
  3568 | Sewer    | Reached skill level 5 in Spellcasting
  3568 | Sewer    | Reached skill level 5 in Conjurations
  4198 | D:3      | Reached skill level 5 in Fire Magic
  4394 | D:3      | Reached XP level 7. HP: 36/36 MP: 5/17
  4537 | D:3      | Learned a level 5 spell: Fireball
  4540 | D:3      | Reached skill level 6 in Conjurations
  5261 | D:4      | Found a staircase to the Ecumenical Temple.
  5300 | Temple   | Entered the Ecumenical Temple
  5462 | Temple   | Became a worshipper of Vehumet
  6311 | D:5      | Entered Level 5 of the Dungeon
  6549 | D:5      | Reached skill level 7 in Conjurations
  6588 | D:5      | Learned a level 4 spell: Summon Ice Beast
  6772 | D:5      | Reached skill level 1 in Ice Magic
  6772 | D:5      | Reached XP level 8. HP: 41/41 MP: 12/20
  6959 | D:5      | Reached * piety under Vehumet
  6959 | D:5      | Offered knowledge of Magic Dart by Vehumet.
  7254 | D:5      | Learned a level 1 spell: Magic Dart
  7258 | D:5      | Learned a level 2 spell: Call Imp
  8120 | D:6      | Noticed Duvessa
  8121 | D:6      | Noticed Dowan
  8125 | D:6      | Killed Dowan
  8129 | D:6      | Killed Duvessa
  8129 | D:6      | Reached skill level 8 in Conjurations
  8547 | D:6      | Found a runed door.
  8590 | D:6      | Noticed brandon's ghost (novice HOFi)
  8660 | D:6      | You fall through a shaft!
  8773 | D:7      | Found a sand-covered staircase.
  8780 | Ossuary  | Entered an ossuary
  9363 | D:7      | Offered knowledge of Shock by Vehumet.
  9420 | D:7      | Reached ** piety under Vehumet
  9420 | D:7      | Reached skill level 9 in Conjurations
  9420 | D:7      | Reached XP level 9. HP: 44/45 MP: 10/23
 10050 | D:8      | Offered knowledge of Dazzling Spray by Vehumet.
 10273 | D:8      | Got a translucent scale mail
 10284 | D:8      | Identified the cursed +0 scale mail of the Wilderness
                  | {Regen+ Int+6 Stlth-} (You found it on level 8 of the
                  | Dungeon)
 10702 | D:9      | Reached *** piety under Vehumet
 10843 | D:9      | Reached skill level 10 in Conjurations
 10954 | D:9      | Found a staircase to the Orcish Mines.
 11069 | D:9      | Found a staircase to the Lair.
 11292 | D:9      | Offered knowledge of Iskenderun's Mystic Blast by Vehumet.
 11298 | D:9      | Noticed a troll
 11452 | D:8      | Learned a level 4 spell: Iskenderun's Mystic Blast
 11483 | D:8      | Reached XP level 10. HP: 50/50 MP: 12/25
 11821 | D:8      | Reached skill level 11 in Conjurations
 11841 | D:8      | Reached **** piety under Vehumet
 12208 | D:8      | Reached skill level 10 in Spellcasting
 12467 | D:9      | Slain by a troll

Skill      XL: |  1  2  3  4  5  6  7  8  9 10 |
---------------+-------------------------------+-----
Conjurations   | 2 3 4 5 7 9 10 11 | 11.2
Spellcasting   | 4 5 6 8 9 10 | 10.0
Fire Magic     | 4 5 6 7 8 |  8.7
Ice Magic      | 1 2 |  2.0
Dodging        | |  2.4
Stealth        | |  2.4

Action                   |  1- 3 |  4- 6 |  7- 9 | 10-12 || total
-------------------------+-------+-------+-------+-------++-------
Melee: Unarmed           |     1 |       |       |       ||     1
       Spear             |     8 |     1 |    33 |       ||    42
 Cast: Flame Tongue      |    19 |    34 |   147 |     8 ||   208
       Throw Flame       |    42 |    73 |    51 |       ||   166
       Sticky Flame      |       |     3 |    35 |     4 ||    42
       Conjure Flame     |       |     1 |    10 |       ||    11
       Fireball          |       |       |    20 |     2 ||    22
       Magic Dart        |       |       |    78 |     1 ||    79
       Call Imp          |       |       |    10 |       ||    10
       Summon Ice Beast  |       |       |     1 |       ||     1
       Iskenderun's Myst |       |       |     1 |    21 ||    22
  Use: Scroll            |       |     4 |    10 |     1 ||    15
       Potion            |       |       |     1 |       ||     1
 Stab: Sleeping          |       |     1 |       |       ||     1
  Eat: Chunk             |     3 |    10 |    25 |     4 ||    42
       Ration            |       |       |     1 |       ||     1
Armor: Robe              |     1 |     2 |    24 |       ||    27
Dodge: Dodged            |    10 |    19 |    64 |     4 ||    97
